 Dungeon Crawl Stone Soup version 0.23.1 (webtiles) character file.

Game seed: 7047388537693507173

140132 McKennaii the Peltast (level 17, -4/108 HPs)
             Began as a Gargoyle Fighter on Mar 12, 2019.
             Was the Champion of Cheibriados.
             Killed from afar by a deep elf knight (18 damage)
             ... with a stone arrow
             ... on level 2 of the Elven Halls.
             The game lasted 01:16:07 (28135 turns).

McKennaii the Peltast (Gargoyle Fighter)           Turns: 28135, Time: 01:16:07

Health: -4/108     AC: 44    Str: 48    XL:     17   Next: 30%
Magic:  23/23      EV: 14    Int: 27    God:    Cheibriados [******]
Gold:   1595       SH: 21    Dex: 24    Spells: 16/16 levels left

rFire    . . .     SeeInvis .   L - +7 mace "Plog" {holy, *Corrode +Blink rN+}
rCold    + . .     Gourm    .   k - +2 shield {AC+3}
rNeg     + + .     Faith    .   r - +2 plate armour {rC+}
rPois    ∞         Spirit   .   y - +2 helmet
rElec    +         Reflect  .   I - +2 cloak
rCorr    +         Harm     .   B - +0 pair of gloves
MR       +....     Rnd*Rage +   R - +1 pair of boots {Stlth+}
Stlth    ..........             o - amulet of the acrobat
HPRegen  0.28/turn              M - +4 ring of strength
MPRegen  0.18/turn              F - ring of resist corrosion

@: mighty, flying, very slightly contaminated, slowed, very slow
A: big wings, berserk 1, negative energy resistance 1, electricity resistance,
unbreathing, petrification resistance, rot immunity, AC +12
a: Stop Flying, Bend Time, Temporal Distortion, Slouch, Step From Time, Renounce
Religion, Evoke Blink


You were on level 2 of the Elven Halls.
You worshipped Cheibriados.
Cheibriados was exalted by your worship.
You were not hungry.

You visited 5 branches of the dungeon, and saw 26 of its levels.
You visited the Abyss 2 times.
You also visited: Bailey.

You collected 2954 gold pieces.
You spent 1359 gold pieces at shops.

Inventory:

Hand Weapons
 L - the +7 mace "Plog" (weapon) {holy, *Corrode +Blink rN+}
   (You found it on level 15 of the Dungeon)

   It has been blessed by the Shining One to cause great damage to the undead
   and demons.
   It protects you from negative energy.
   It lets you blink.
   It may corrode you when you take damage.
Armour
 k - a +2 shield of protection (worn)
 r - a +2 plate armour of cold resistance (worn)
 y - a +2 helmet (worn)
 A - +2 fire dragon scales
 B - a +0 pair of gloves (worn)
 I - a +2 cloak (worn)
 R - a +1 pair of boots of stealth (worn)
Jewellery
 o - an amulet of the acrobat (around neck)
 s - an uncursed ring of wizardry
 z - an uncursed ring of protection from cold
 F - a ring of resist corrosion (right hand)
 K - an uncursed ring of positive energy
 M - a +4 ring of strength (left hand)
 Q - an uncursed ring of protection from magic
 T - an uncursed ring of protection from cold
Wands
 a - a wand of clouds (4)
 m - a wand of polymorph (23)
 P - a wand of iceblast (5)
Scrolls
 b - 6 scrolls of amnesia
 e - 5 scrolls of fog
 g - 4 scrolls of identify
 j - 10 scrolls of remove curse
 l - 5 scrolls of blinking
 n - 3 scrolls of enchant armour
 p - 9 scrolls of teleportation
 q - 8 scrolls of magic mapping
 w - 3 scrolls of noise
 x - 2 scrolls of enchant weapon
 D - 2 scrolls of immolation
 G - a scroll of silence
 H - 2 scrolls of fear
 N - 3 scrolls of torment
 O - a scroll of holy word
 U - a scroll of vulnerability {unknown}
Potions
 c - 2 potions of magic
 d - 2 potions of might
 i - 3 potions of cancellation
 t - 9 potions of curing
 u - 5 potions of mutation
 v - 7 potions of brilliance
 C - 2 potions of agility
 E - 3 potions of invisibility
 J - 2 potions of resistance
Comestibles
 f - 51 rations


   Skills:
 + Level 12.5 Fighting
 + Level 15.0 Maces & Flails
 + Level 12.1 Armour
 + Level 5.6 Dodging
 + Level 3.3 Stealth
 + Level 19.2 Shields
 + Level 9.3 Invocations
 + Level 3.1 Evocations


You had 16 spell levels left.
You didn't know any spells.
Your spell library contained the following spells:

 Spells                   Type           Power        Failure   Level  Hunger
 Confusing Touch          Hex            #.....       36%         1    ##.....
 Magic Dart               Conj           #...         36%         1    ##.....
 Summon Small Mammal      Summ           #...         36%         1    ##.....
 Blink                    Tloc           N/A          52%         2    ###....
 Call Imp                 Summ           #.......     52%         2    ###....
 Ensorcelled Hibernation  Hex/Ice        #.....       52%         2    ###....
 Slow                     Hex            #.......     52%         2    ###....
 Confuse                  Hex            #.......     75%         3    ####...
 Conjure Flame            Conj/Fire      #.......     75%         3    ####...
 Gell's Gravitas          Tloc           #.........   75%         3    ####...
 Mephitic Cloud           Conj/Pois/Air  #.......     75%         3    ####...
 Recall                   Summ/Tloc      N/A          75%         3    ####...
 Stone Arrow              Conj/Erth      #.....       75%         3    ####...
 Petrify                  Tmut/Erth      #.......     98%         4    #####..
 Aura of Abjuration       Summ           #.........   100%        5    ######.
 Borgnjor's Vile Clutch   Necr/Erth      #.........   100%        5    ######.
 Lightning Bolt           Conj/Air       #.........   100%        5    ######.
 Metabolic Englaciation   Hex/Ice        #.........   100%        5    ######.
 Silence                  Hex/Air        #.........   100%        5    ######.
 Summon Demon             Summ           #.........   100%        5    ######.
 Summon Forest            Summ/Tloc      #.........   100%        5    ######.
 Summon Mana Viper        Hex/Summ       #.......     100%        5    ######.
 Yara's Violent Unravell  Hex/Tmut       #.........   100%        5    ######.
 Darkness                 Hex            #.........   100%        6    #######
 Shadow Creatures         Summ           N/A          100%        6    #######
 Spellforged Servitor     Conj/Summ      #.........   100%        7    #######


Dungeon Overview and Level Annotations

Branches:
Dungeon (15/15)            Temple (1/1) D:4            Lair (6/6) D:8
  Swamp (0/4) Lair:4        Snake (0/4) Lair:4        Slime (0/5) Lair:6
    Orc (2/2) D:12            Elf (2/3) Orc:2        Vaults (0/5) D:13
 Depths (0/5) D:15

Altars:
Ashenzari
Cheibriados
Dithmenos
Elyvilon
Fedhas
Gozag
Hepliaklqana
Kikubaaqudgha
Makhleb
Nemelex Xobeh
Okawaru
Qazlal
Ru
Sif Muna
Trog
Uskayaw
Vehumet
Wu Jian
Xom
Yredelemnul
Zin
The Shining One
Beogh
Jiyva

Shops:
D:9 (![   D:10 [   D:12 ?(?!   D:14 %*=?}   Orc:2 (*=?[

Portals:
Trove: D:13 (give +3 fire dragon scales)
Desolation: Elf:2


Innate Abilities, Weirdness & Mutations

You are resistant to torment.
Your stone body is resilient. (AC +12)
You are immune to poison.
Your large and strong wings let you fly indefinitely.
You resist negative energy. (rN+)
You are resistant to electric shocks. (rElec)
You can survive without breathing.
You are immune to petrification.
You are immune to rotting.
You tend to lose your temper in combat.


Message History

The deep elf knight gestures wildly while chanting.
The deep elf knight seems to speed up.
You block the deep elf mage's attack. You block the deep elf knight's attack.
You hit the deep elf mage.
The deep elf mage is lightly wounded.
The deep elf knight hits you with a +0 short sword!
* * * LOW HITPOINT WARNING * * *
You block the deep elf mage's attack.
The deep elf knight gestures at you while chanting.
The stone arrow hits you!
* * * LOW HITPOINT WARNING * * *
You feel very mighty all of a sudden. You block the deep elf knight's attack.
The deep elf mage hits you but does no damage.
You block the deep elf knight's attack. You block the deep elf mage's attack.
You sock the deep elf mage!
The deep elf mage is moderately wounded.
The deep elf knight points at you and mumbles some strange words.
The stone arrow hits you!!
You die...

#....# ...#..#
.####....#+#####..#
.........<........#
..................#
..................#
+#####...#######..#
#...#.....#..#
#...#.....#e.#
#.........@ee#
#..####.####*#
#..#..### #○# #..
..... #E# #..
#...###.# #..
#.∩.#.○.#
#..###...##°(##
...#......○...#
.#..#.E☼.#..#


You could see a deep elf knight, 2 deep elf magi and a battlesphere.

Vanquished Creatures
  A tentacled monstrosity (Abyss:3)
  4 tentacled starspawn
  Gastronok (Orc:1)
  A deep elf sorcerer (Elf:1)
  An orc warlord (Orc:2)
  The ghost of Zaque the Grappler, a journeyman TrHu of Okawaru (Lair:3)
  2 very ugly things (Abyss:3)
  An ironheart preserver (D:13)
  The ghost of P0WERM0DE the Party-goer, a journeyman DDFi of Uskayaw (Lair:4)
  A deep elf demonologist (Elf:1)
  A deep elf death mage (Elf:2)
  Erolcha (D:13)
  10 hydras
  A rakshasa (D:15)
  2 catoblepae
  5 two-headed ogres
  6 centaur warriors
  4 orc high priests (Orc:2)
  9 dancing weapons
  4 death yaks
  Urug (D:11)
  2 tengu warriors
  3 thrashing horrors (Abyss:3)
  Sonja (Lair:2)
  A deep elf knight (Elf:1)
  2 skeletal warriors (D:15)
  A spark wasp zombie (D:15)
  A flayed ghost (D:15)
  A glowing orange brain (Abyss:3)
  8 orc knights
  8 deep elf archers
  A necromancer (D:15)
  A shadow dragon zombie (D:15)
  2 lindwurms (Lair:6)
  A wolf spider zombie (D:15)
  32 deep elf magi
  4 oklob plants (Lair:6)
  13 ugly things
  5 manticores
  3 orc sorcerers
  2 cyclopes
  A stone giant zombie (D:15)
  A shadow dragon skeleton (D:15)
  4 elephants
  Maurice (D:8)
  2 centaur zombies (D:12)
  10 black mambas
  A gargoyle (D:14)
  A spiny frog (shapeshifter) (D:13)
  3 centaur skeletons
  11 spiny frogs
  A komodo dragon (Lair:6)
  4 rime drakes
  A tengu conjurer (D:13)
  13 trolls
  A queen bee (Lair:3)
  Grinder (D:5)
  2 polar bears
  2 hornets
  A slime creature (D:13)
  8 blink frogs
  21 hippogriffs
  2 dream sheep (Lair:6)
  A large abomination (Abyss:3)
  2 shadows
  Sigmund (D:5)
  2 air elementals (Elf:1)
  A spriggan (D:9)
  A spriggan (shapeshifter) (Elf:1)
  A wraith (Abyss:3)
  4 water elementals
  4 wyverns
  3 fire elementals (Elf:1)
  53 yaks
  14 basilisks
  2 small abominations (Abyss:3)
  4 hungry ghosts
  6 wargs
  Menkaure (D:6)
  A soldier ant (D:12)
  3 nagas (Lair:4)
  9 water moccasins
  An acid dragon (D:13)
  12 porcupines
  34 orc warriors
  7 sky beasts
  4 ice beasts
  3 black bears
  7 wolves
  2 eyes of draining
  A necrophage (D:8)
  12 ogres
  9 centaurs
  25 crocodiles
  6 big kobolds
  18 bullfrogs
  An earth elemental (Elf:1)
  A wyvern zombie (D:11)
  3 scorpions
  4 wights (D:15)
  47 killer bees
  11 electric eels
  A howler monkey (D:7)
  3 bullfrog zombies
  7 crimson imps
  2 quasits
  2 starcursed masses (Abyss:3)
  4 bullfrog skeletons
  14 orc priests
  12 hounds
  7 jellies
  Crazy Yiuf (D:6)
  15 orc wizards
  Ijyb (D:2)
  4 iguanas
  A hell rat (Lair:3)
  13 worker ants
  A killer bee zombie (D:8)
  A hound zombie (D:9)
  2 hound skeletons
  2 worker ant zombies
  8 gnolls
  9 adders
  2 river rats (Lair:3)
  4 shadow imps
  An ooze (D:4)
  5 worms
  2 adder skeletons
  6 dart slugs
  3 leopard geckos
  86 orcs
  3 ball pythons
  2 giant cockroaches
  19 goblins
  10 hobgoblins
  10 jackals
  7 quokkas
  5 bats
  5 frilled lizards
  35 kobolds
  A quokka skeleton (D:5)
  A quokka zombie (D:7)
  10 rats
  A fungus (Orc:2)
  A plant (Lair:6)
  3 starspawn tentacles
895 creatures vanquished.

Vanquished Creatures (others)
  2 deep elf magi (Elf:1)
  An orc wizard (D:5)
  An orc (Orc:1)
  2 crawling corpses (Elf:2)
  3 fungi
  9 plants
  5 starspawn tentacles
23 creatures vanquished.

Grand Total: 918 creatures vanquished

Notes
Turn   | Place    | Note
-------+----------+-------------------------------------------
     0 | D:1      | McKennaii the Gargoyle Fighter began the quest for the Orb.
     0 | D:1      | Reached XP level 1. HP: 14/14 MP: 1/1
    34 | D:1      | Reached XP level 2. HP: 18/19 MP: 2/2
   192 | D:1      | Reached skill level 4 in Shields
   192 | D:1      | Reached XP level 3. HP: 23/24 MP: 3/3
   770 | D:2      | Found a sacrificial altar of Ru.
   789 | D:2      | Reached XP level 4. HP: 27/29 MP: 4/4
   840 | D:2      | Found an ornate altar of the Wu Jian Council.
  1200 | D:2      | Noticed Ijyb
  1271 | D:2      | Killed Ijyb
  1521 | D:3      | Reached XP level 5. HP: 33/33 MP: 5/5
  2334 | D:3      | Reached XP level 6. HP: 36/38 MP: 6/6
  2448 | D:3      | Reached skill level 5 in Shields
  3226 | D:4      | Found a staircase to the Ecumenical Temple.
  3297 | D:4      | Found a glowing silver altar of Zin.
  3378 | Temple   | Entered the Ecumenical Temple
  3399 | Temple   | Became a worshipper of Cheibriados the Contemplative
  3461 | D:5      | Entered Level 5 of the Dungeon
  3470 | D:5      | Noticed an ice beast
  3512 | D:4      | Killed an ice beast
  3512 | D:4      | Reached skill level 1 in Dodging
  3512 | D:4      | Reached XP level 7. HP: 30/44 MP: 7/7
  3830 | D:5      | Reached skill level 6 in Shields
  4029 | D:5      | Found a shattered altar of Ashenzari.
  4376 | D:5      | Reached skill level 5 in Maces & Flails
  4376 | D:5      | Reached XP level 8. HP: 39/48 MP: 8/8
  4432 | D:5      | Noticed Sigmund
  4447 | D:5      | Killed Sigmund
  4447 | D:5      | Reached skill level 5 in Fighting
  4447 | D:5      | Reached skill level 5 in Armour
  4509 | D:5      | Noticed Grinder
  4516 | D:5      | Paralysed by Grinder for 6 turns
  4526 | D:5      | Killed Grinder
  4526 | D:5      | Reached skill level 7 in Shields
  4594 | D:5      | Found a glowing golden altar of the Shining One.
  4638 | D:5      | Reached * piety under Cheibriados
  4827 | D:6      | Noticed Menkaure
  4960 | D:6      | Killed Menkaure
  5376 | D:6      | Found a radiant altar of Vehumet.
  5456 | D:6      | Reached XP level 9. HP: 46/54 MP: 9/9
  5476 | D:6      | Found a hide-covered altar of Uskayaw.
  5543 | D:6      | Found a bloodstained altar of Trog.
  5659 | D:6      | Found a runed translucent door.
  5660 | D:6      | Noticed Crazy Yiuf
  5975 | D:6      | Paralysed by Crazy Yiuf for 6 turns
  5986 | D:6      | Killed Crazy Yiuf
  6014 | D:7      | Noticed a troll
  6023 | D:7      | Killed a troll
  6023 | D:7      | Reached skill level 1 in Stealth
  6023 | D:7      | Reached skill level 8 in Shields
  6430 | D:7      | Reached ** piety under Cheibriados
  6794 | D:8      | Noticed Maurice
  7354 | D:8      | Reached skill level 9 in Shields
  7358 | D:8      | Reached XP level 10. HP: 43/61 MP: 10/10
  7672 | D:8      | Reached *** piety under Cheibriados
  7680 | D:8      | Killed Maurice
  7836 | D:8      | Reached skill level 1 in Evocations
  7968 | D:8      | Found a shadowy altar of Dithmenos.
  8009 | D:8      | Reached skill level 10 in Shields
  8202 | D:8      | Found a staircase to the Lair.
  8406 | D:9      | Found a shimmering altar of Xom.
  8481 | D:9      | Noticed a two-headed ogre
  8483 | D:9      | Reached **** piety under Cheibriados
  8729 | D:9      | Found Beytutirr's Distillery.
  8752 | D:9      | Bought a potion of mutation for 104 gold pieces
  8752 | D:9      | Bought a potion of might for 52 gold pieces
  8752 | D:9      | Bought a potion of curing for 39 gold pieces
  8789 | D:9      | Found Maloynist's Antique Armour Shop.
  8810 | D:9      | Bought a runed shield for 165 gold pieces
  8889 | D:9      | Killed a two-headed ogre
  8948 | D:9      | Reached XP level 11. HP: 67/67 MP: 12/12
  8977 | D:9      | Reached skill level 11 in Shields
  9460 | D:9      | Reached ***** piety under Cheibriados
  9563 | D:9      | Found Syitag's Antique Weapon Shop.
  9571 | D:9      | Bought a crude mace for 296 gold pieces
  9571 | D:9      | Identified the +4 mace of Xorchys {venom, +Fly rPois Str+2}
                  | (You bought it in a shop on level 9 of the Dungeon)
  9786 | D:10     | Entered Level 10 of the Dungeon
 10456 | D:10     | Reached skill level 10 in Maces & Flails
 10457 | D:10     | Noticed a two-headed ogre
 10464 | D:10     | Killed a two-headed ogre
 10534 | D:10     | You fall through a shaft for 2 floors!
 10541 | D:12     | Noticed an orc knight
 10541 | D:12     | Noticed a six-headed hydra
 10547 | D:12     | Found Zoczostre's Magic Scroll Emporium.
 10547 | D:12     | Noticed a deep elf mage
 10561 | D:12     | Killed a deep elf mage
 10566 | D:12     | Noticed a red ugly thing
 10578 | D:12     | Killed a red ugly thing
 10585 | D:12     | Bought a scroll of fear for 52 gold pieces
 10585 | D:12     | Bought a scroll of fog for 30 gold pieces
 10688 | D:12     | Killed a six-headed hydra
 10688 | D:12     | Reached skill level 12 in Shields
 10890 | D:12     | Noticed a two-headed ogre
 10894 | D:12     | Killed a two-headed ogre
 10894 | D:12     | Reached XP level 12. HP: 57/75 MP: 13/13
 10981 | D:12     | Reached ****** piety under Cheibriados
 10986 | D:12     | Found a staircase to the Orcish Mines.
 10987 | D:12     | Found a roughly hewn altar of Beogh.
 11046 | D:12     | Found Kiawu's Distillery.
 11058 | D:12     | Bought a potion of agility for 64 gold pieces
 11157 | D:12     | Noticed a two-headed ogre
 11164 | D:12     | Killed a two-headed ogre
 11245 | D:12     | Found Ezopsuikh's Antique Weapon Emporium.
 11498 | D:12     | Reached skill level 13 in Shields
 11545 | D:12     | Found Viexaitz's Magic Scroll Boutique.
 11801 | D:11     | Noticed Urug
 11808 | D:11     | Killed Urug
 12333 | D:11     | Reached skill level 1 in Invocations
 12702 | D:10     | Found Davelose's Antique Armour Shop.
 13103 | D:13     | Noticed an ironheart preserver
 13128 | D:13     | Killed an ironheart preserver
 13143 | D:13     | Found a gate to the Vaults.
 13227 | D:13     | Noticed a catoblepas
 13229 | D:13     | Found a flagged portal.
 13236 | D:13     | Noticed a centaur warrior
 13246 | D:13     | Killed a centaur warrior
 13246 | D:13     | Reached XP level 13. HP: 47/80 MP: 14/14
 13390 | Bailey   | Entered a bailey
 13818 | Bailey   | Got an encrusted shield
 13910 | Bailey   | Identified the cursed +0 shield of Tomorrow {rPois MR+
                  | rCorr Str-5} (You found it in a bailey)
 14076 | D:13     | Found a portal to a secret trove of treasure.
 14382 | D:13     | Noticed Erolcha
 14389 | D:13     | Killed Erolcha
 14517 | D:13     | Reached skill level 14 in Shields
 14771 | D:13     | Reached skill level 5 in Invocations
 15075 | D:14     | Found Banoz's Jewellery Shop.
 15082 | D:14     | Found Peireunu's Magic Scroll Shop.
 15250 | D:14     | Found Citeikh's Assorted Antiques.
 15430 | D:14     | Found Olif's Food Emporium.
 15671 | D:14     | Reached skill level 10 in Armour
 15693 | D:14     | Found Muzer's Gadget Boutique.
 15836 | D:15     | Entered Level 15 of the Dungeon
 15920 | D:14     | Gained mutation: Your large and strong wings let you fly
                  | indefinitely. [Gargoyle growth]
 15920 | D:14     | Reached XP level 14. HP: 87/87 MP: 18/18
 16232 | D:15     | Found a staircase to the Depths.
 16250 | D:15     | Reached skill level 10 in Fighting
 16457 | D:15     | Reached skill level 15 in Shields
 16679 | D:15     | Got a dazzling mace
 16680 | D:15     | Identified the +7 mace "Plog" {holy, *Corrode +Blink rN+}
                  | (You found it on level 15 of the Dungeon)
 17053 | Lair:1   | Entered Level 1 of the Lair of Beasts
 18211 | Lair:2   | Noticed Sonja
 18215 | Lair:2   | Killed Sonja
 19035 | Lair:3   | Got a shimmering scale mail
 19046 | Lair:3   | Identified the +1 scale mail of Sybreonk {rN+} (You found
                  | it on level 3 of the Lair of Beasts)
 19490 | Lair:3   | Found a runed translucent gate.
 19491 | Lair:3   | Found a runed translucent gate.
 19492 | Lair:3   | Found a runed translucent gate.
 19497 | Lair:3   | Noticed Zaque's ghost (journeyman TrHu)
 19753 | Lair:3   | Reached XP level 15. HP: 78/93 MP: 21/21
 19768 | Lair:3   | Killed Zaque's ghost
 20053 | Lair:4   | Found a staircase to the Swamp.
 20061 | Lair:4   | Reached skill level 16 in Shields
 20375 | Lair:4   | Found a staircase to the Snake Pit.
 20726 | Lair:4   | Found a runed translucent door.
 20726 | Lair:4   | Found a shimmering altar of Xom.
 20726 | Lair:4   | Noticed P0WERM0DE's ghost (journeyman DDFi)
 21040 | Lair:4   | Killed P0WERM0DE's ghost
 21483 | Lair:5   | Found a hazy altar of Hepliaklqana.
 21762 | Lair:6   | Entered Level 6 of the Lair of Beasts
 22260 | Lair:6   | Reached skill level 5 in Dodging
 22611 | Lair:6   | Found a viscous altar of Jiyva.
 22611 | Lair:6   | Found a staircase to the Slime Pits.
 23486 | Lair:6   | Reached skill level 17 in Shields
 23819 | Orc:1    | Entered Level 1 of the Orcish Mines
 23920 | Orc:1    | You are sucked into a shaft!
 23920 | Orc:2    | Entered Level 2 of the Orcish Mines
 23978 | Orc:2    | Found Saesaock's Magic Scroll Emporium.
 23986 | Orc:2    | Bought a scroll of silence for 127 gold pieces
 23986 | Orc:2    | Bought a scroll of teleportation for 51 gold pieces
 23986 | Orc:2    | Bought a scroll of blinking for 127 gold pieces
 24013 | Orc:2    | Noticed an orc warlord
 24027 | Orc:2    | Found Wifyagic's Jewellery Boutique.
 24040 | Orc:1    | Noticed Gastronok
 24041 | Orc:1    | Reached XP level 16. HP: 62/100 MP: 22/22
 24071 | Orc:1    | Killed Gastronok
 24106 | Orc:1    | Found a roughly hewn altar of Beogh.
 24569 | Orc:2    | Found Fer Wafo's Antique Armour Shop.
 24569 | Orc:2    | Paralysed by an orc sorcerer for 5 turns
 24681 | Orc:2    | Bought a pair of runed boots for 210 gold pieces
 24866 | Orc:2    | Found a staircase to the Elven Halls.
 24871 | Orc:2    | Found Zifeb's General Store.
 24879 | Orc:2    | Bought a scroll of teleportation for 42 gold pieces
 25132 | Orc:2    | Found Wolil's Antique Weapon Shop.
 25577 | Elf:1    | Entered Level 1 of the Elven Halls
 25615 | Elf:1    | Cast into level 2 of the Abyss (a deep elf demonologist)
 25693 | Abyss:2  | Noticed a tentacled starspawn
 25695 | Abyss:2  | Found a shimmering altar of Xom.
 25704 | Abyss:2  | Killed a tentacled starspawn
 25708 | Abyss:2  | Noticed a tentacled starspawn
 25722 | Abyss:2  | Killed a tentacled starspawn
 25765 | Elf:1    | Escaped the Abyss
 25767 | Elf:1    | Gained mutation: You tend to lose your temper in combat. [a
                  | cacodemon]
 25769 | Elf:1    | Reached skill level 18 in Shields
 27328 | Elf:1    | Cast into level 3 of the Abyss (a deep elf sorcerer)
 27418 | Abyss:3  | Noticed a tentacled monstrosity
 27427 | Abyss:3  | Killed a tentacled monstrosity
 27427 | Abyss:3  | Reached XP level 17. HP: 79/106 MP: 23/23
 27498 | Abyss:3  | Noticed a tentacled starspawn
 27511 | Abyss:3  | Killed a tentacled starspawn
 27526 | Abyss:3  | Paralysed by accursed screaming for 1 turns
 27531 | Abyss:3  | Paralysed by accursed screaming for 1 turns
 27880 | Abyss:3  | Reached skill level 19 in Shields
 27912 | Abyss:3  | Noticed a tentacled starspawn
 27934 | Abyss:3  | Killed a tentacled starspawn
 27941 | Elf:1    | Escaped the Abyss
 27961 | Elf:1    | Identified the Collected Works on Creative Arcane Weapons
 28096 | Elf:2    | Reached skill level 15 in Maces & Flails
 28098 | Elf:2    | Found a ruined gateway.
 28119 | Elf:2    | HP: 3/108 [deep elf knight/stone arrow (32)]
 28135 | Elf:2    | Killed from afar by a deep elf knight

Skill      XL: |  1  2  3  4  5  6  7  8  9 10 11 12 13 14 15 16 17 |
---------------+----------------------------------------------------+-----
Shields        | 4 5 6 7 9 10 12 13 14 15 17 18 19 | 19.2
Armour         | 4 6 7 8 9 10 11 12 | 12.1
Maces & Flails | 3 4 5 6 7 9 10 12 13 14 15 | 15.0
Fighting       | 4 5 6 7 8 9 10 11 12 | 12.5
Dodging        | 1 2 3 4 5 |  5.6
Stealth        | 1 2 3 |  3.3
Evocations     | 1 2 3 |  3.1
Invocations    | 2 6 8 9 |  9.3

Action                   |  1- 3 |  4- 6 |  7- 9 | 10-12 | 13-15 | 16-18 || total
-------------------------+-------+-------+-------+-------+-------+-------++-------
Melee: Flail             |   156 |   419 |   458 |   383 |       |       ||  1416
       Unarmed           |       |    18 |       |       |       |       ||    18
       Mace              |       |       |       |   503 |  1728 |   776 ||  3007
Invok: Temporal Distorti |       |       |       |     1 |       |       ||     1
       Slouch            |       |       |       |       |     4 |     1 ||     5
 Abil: Evoke Flight      |       |       |       |       |     3 |       ||     3
       Fly               |       |       |       |       |     1 |       ||     1
Evoke: Wand              |       |       |     5 |    33 |     8 |     3 ||    49
  Use: Scroll            |       |     2 |     1 |    13 |     9 |     3 ||    28
       Potion            |       |     3 |     2 |     2 |     1 |     7 ||    15
 Stab: Invisible         |       |       |     1 |       |     9 |       ||    10
  Eat: Chunk             |       |     9 |    11 |    15 |    23 |     7 ||    65
       Ration            |       |       |       |       |       |     1 ||     1
Armor: Scale mail        |    93 |     3 |       |       |       |       ||    96
       Chain mail        |       |   344 |   324 |    78 |    19 |       ||   765
       Skin              |       |    20 |     3 |       |       |       ||    23
       Plate armour      |       |       |       |   359 |    31 |   295 ||   685
       Fire dragon scale |       |       |       |       |   580 |       ||   580
Dodge: Dodged            |    40 |   156 |   186 |   389 |   782 |   339 ||  1892
Block: Shield            |   104 |   302 |   372 |   841 |  1702 |   803 ||  4124
